 Dungeon Crawl Stone Soup version 0.24-a0-7-g1bb0902 (webtiles) character file.

Game seed: 11496699841862661547

9006 Mgcat the Cleaver (level 11, 0/94 HPs)
             Began as a Naga Fighter on Jan 30, 2019.
             Was a High Priest of Cheibriados.
             Killed by divine providence
             ... invoked by an orc priest
              (10 damage)
             ... on level 10 of the Dungeon.
             The game lasted 00:25:31 (10428 turns).

Mgcat the Cleaver (Naga Fighter)                   Turns: 10428, Time: 00:25:32

Health: 0/94       AC: 26    Str: 34    XL:     11   Next: 39%
Magic:  15/15      EV:  5    Int: 20    God:    Cheibriados [*****.]
Gold:   579        SH: 12    Dex: 23    Spells: 6/10 levels left

rFire    . . .     SeeInvis +   r - +3 hand axe (freeze)
rCold    . . .     Gourm    .   c - +0 shield
rNeg     . . .     Faith    .   w - +4 chain mail
rPois    +         Spirit   .   o - +1 helmet
rElec    .         Reflect  .   (no cloak)
rCorr    .         Harm     .   p - +2 pair of gloves
MR       ++...                  (no barding)
Stlth    ..........             g - amulet of magic regeneration
HPRegen  0.25/turn              m - ring of protection from magic {MR+, !d}
MPRegen  0.39/turn              x - ring of Robustness {AC+8}

@: about to teleport, very slow
A: large, see invisible, deformed body, poison resistance, slowness 2, slow
metabolism 1, spit poison 1, AC +3
a: Spit Poison, Bend Time, Temporal Distortion, Slouch, Step From Time, Renounce
Religion


You were on level 10 of the Dungeon.
You worshipped Cheibriados.
Cheibriados was extremely pleased with you.
You were not hungry.

You visited 1 branch of the dungeon, and saw 10 of its levels.
You also visited: Sewer.

You collected 579 gold pieces.

Inventory:

Hand Weapons
 a - a +1 war axe
 r - a +3 hand axe of freezing (weapon)
   (You took it off a wight on level 7 of the Dungeon)
 v - a +2 hand axe of flaming
   (You took it off an orc warrior on level 8 of the Dungeon)
Missiles
 e - 2 throwing nets {=f, !d}
 n - 5 curare-tipped needles
Armour
 c - a +0 shield (worn)
 o - a +1 helmet (worn)
   (You took it off Robin on level 2 of the Dungeon)
 p - a +2 pair of gloves (worn)
   (You found it on level 3 of the Dungeon)
 w - a +4 chain mail (worn)
   (You took it off an orc warrior on level 8 of the Dungeon)
Jewellery
 g - an amulet of magic regeneration (around neck)
   (You found it on level 1 of the Dungeon)
 m - a ring of protection from magic (left hand) {MR+, !d}
   (You found it on level 3 of the Dungeon)
 s - an uncursed ring of fire {rF+, rC-}
   (You found it on level 7 of the Dungeon)
 x - the ring of Robustness (right hand) {AC+8}
   (You found it on level 7 of the Dungeon)

   [ring of protection]

   It affects your AC (+8).
Wands
 q - a wand of polymorph (11)
   (You took it off Grinder on level 4 of the Dungeon)
 t - a wand of enslavement (14)
   (You found it on level 5 of the Dungeon)
 A - a wand of clouds (5)
   (You found it on level 8 of the Dungeon)
 G - a wand of disintegration (13)
   (You took it off an orc on level 8 of the Dungeon)
Scrolls
 b - a scroll of magic mapping {!r}
 i - 7 scrolls of teleportation
 k - a scroll of blinking {!r}
 y - 3 scrolls of identify
 z - a scroll of enchant armour
 D - 2 scrolls of amnesia
 E - a scroll of remove curse
 F - a scroll of enchant weapon
Potions
 h - 6 potions of curing
 j - a potion of magic
 l - 3 potions of brilliance {unknown}
 u - 2 potions of heal wounds {unknown}
 B - a potion of degeneration {unknown}
 C - 2 potions of ambrosia {unknown}
Miscellaneous
 H - a phial of floods
   (You found it on level 9 of the Dungeon)
Comestibles
 d - 4 chunks of flesh {@w0}
 f - 14 rations


   Skills:
 - Level 5.1 Fighting
 + Level 13.0 Axes
 - Level 5.0 Armour
 - Level 5.0 Shields
 + Level 5.9 Invocations
 - Level 5.0 Evocations


You had 6 spell levels left.
You knew the following spells:

 Your Spells              Type           Power        Failure   Level  Hunger
a - Summon Lightning Spi  Summ/Air       #.......     100%        4    #####..

Your spell library contained the following spells:

 Spells                   Type           Power        Failure   Level  Hunger
 Animate Skeleton         Necr           N/A          88%         1    ##.....
 Corona                   Hex            #......      88%         1    ##.....
 Pain                     Necr           #...         88%         1    ##.....
 Summon Small Mammal      Summ           #...         88%         1    ##.....
 Call Imp                 Summ           #.......     95%         2    ###....
 Slow                     Hex            #.......     95%         2    ###....
 Call Canine Familiar     Summ           #.......     99%         3    ####...
 Inner Flame              Hex/Fire       #.......     99%         3    ####...
 Portal Projectile        Hex/Tloc       #.....       99%         3    ####...
 Regeneration             Chrm/Necr      #.........   99%         3    ####...
 Summon Guardian Golem    Hex/Summ       #.......     99%         3    ####...
 Vampiric Draining        Necr           #.........   99%         3    ####...
 Animate Dead             Necr           N/A          100%        4    #####..
 Cause Fear               Hex            #.........   100%        4    #####..
 Leda's Liquefaction      Hex/Erth       #.........   100%        4    #####..
 Summon Ice Beast         Ice/Summ       #.......     100%        4    #####..


Dungeon Overview and Level Annotations

Branches:
Dungeon (10/15)            Temple (0/1) D:7             Orc (0/2) D:9
   Lair: D:8-11

Altars:
Ashenzari
Cheibriados
Dithmenos
Elyvilon
Gozag
Hepliaklqana
Nemelex Xobeh
Okawaru
Qazlal
Ru
Sif Muna
Uskayaw
Vehumet
Xom
Yredelemnul


Innate Abilities, Weirdness & Mutations

You cannot wear boots.
Your serpentine skin is tough. (AC +3)
You have supernaturally acute eyesight. (SInv)
Armour fits poorly on your strangely shaped body.
Your system is resistant to poisons. (rPois)
You cover ground very slowly.
You have a slow metabolism.
You can spit poison.


Message History

Health restored: 93 The meliai invokes the aid of its god against you.
Something smites you!
The meliai drinks a potion.
The meliai seems to speed up.
You hear a loud, deep croak!
You take 11 damage, and have 82/93 hp.
You barely miss the meliai.
You hear a shout!
The meliai calls down the wrath of its god upon you.
Something smites you! You block the meliai's attack.
The meliai stings you but does no damage.
You hear an angry hiss.
You take 14 damage, and have 68/93 hp.
You are too injured to fight recklessly!
You are too injured to fight recklessly!
You are too injured to fight recklessly!
You are too injured to fight recklessly!
You are too injured to fight recklessly!
You closely miss the meliai.
You hear a shout!
The meliai barely misses you.
The meliai stings you but does no damage.
You block the meliai's attack.
The meliai stings you but does no damage.
You hear a shout!
You hit the meliai. You freeze the meliai.
The meliai is lightly wounded.
You hear a shout!
The meliai hits you but does no damage. You block the meliai's attack. x2
The meliai barely misses you.
You hit the meliai. You freeze the meliai.
The meliai is heavily wounded.
You block the meliai's attack. The meliai stings you!
The meliai hits you but does no damage. The meliai completely misses you.
You take 8 damage, and have 60/93 hp.
You hit the meliai. You freeze the meliai.
The meliai is severely wounded.
The meliai closely misses you. You block the meliai's attack.
The meliai invokes the aid of its god against you.
Something smites you!
You take 16 damage, and have 44/93 hp.
You miss the meliai.
The meliai is severely wounded.
You block the meliai's attack. The meliai stings you!
The meliai hits you but does no damage. You block the meliai's attack.
You take 7 damage, and have 37/93 hp.
You hit the meliai but do no damage.
The meliai is severely wounded.
The meliai barely misses you. You block the meliai's attack.
You hit the meliai. You freeze the meliai.
The meliai is almost dead.
You block the meliai's attack.
The meliai stings you but does no damage.
The meliai mumbles some strange prayers to its god against you.
Something smites you!
You hear a loud, deep croak!
You take 9 damage, and have 28/93 hp.
You closely miss the meliai.
The meliai is almost dead.
You hear a shout!
The meliai hits you but does no damage.
The meliai stings you but does no damage.
You block the meliai's attack. x2
You hear an angry hiss.
You slash the meliai! You freeze the meliai.
You kill the meliai!
Cheibriados thoroughly appreciates the change of pace.
A kobold demonologist comes into view. It is wielding a +0 dagger.
The kobold demonologist gestures wildly while chanting.
An orc priest comes into view. It is wielding a +0 whip.
The orc priest mumbles some strange prayers to Beogh against you.
Beogh smites you!
* * * LOW HITPOINT WARNING * * *
You take 11 damage, and have 17/93 hp.
Warning x2: The orc priest can smite you!
The kobold demonologist can summon minor demons!
Unknown command.
Warning x2: The orc priest can smite you!
The kobold demonologist can summon minor demons!
Unknown command.
Warning x2: The orc priest can smite you!
The kobold demonologist can summon minor demons!
Unknown command.
Warning x2: The orc priest can smite you!
The kobold demonologist can summon minor demons!
Unknown command.
Warning x2: The orc priest can smite you!
The kobold demonologist can summon minor demons!
Unknown command.
Warning x2: The orc priest can smite you!
The kobold demonologist can summon minor demons!
As you read the scroll of teleportation, it crumbles to dust.
You feel strangely unstable.
The kobold demonologist mumbles some strange words.
The hellwing hits you!
* * * LOW HITPOINT WARNING * * *
You block the hellwing's attack.
You take 12 damage, and have 5/93 hp.
Warning x2: The kobold demonologist can summon minor demons!
The orc priest can smite you!
Unknown command.
Warning x2: The kobold demonologist can summon minor demons!
The orc priest can smite you!
Unknown command.
Warning x2: The kobold demonologist can summon minor demons!
The orc priest can smite you!
You feel better.
The orc priest calls down the wrath of Beogh upon you.
Beogh smites you!
You die...

## .# ... #####..# #
###.#....#.##
#..##.#.....
#...#....#.# #
##@##.......# #
#4K#.#.#....# ####
#.o)..#..#....# #...
#.#4..##..#....# #.##
..#.#..#..#.#...####)##
#...#.#.###..#...)())%..
# ##.#.## ##%..#)(#####.
#. . #.#.##.#####. #
#.##..........


You could see a hellwing, a kobold demonologist, a red devil and an orc priest.

Vanquished Creatures
  A hydra (D:10)
  A two-headed ogre (D:8)
  An orc knight (D:10)
  A deep elf mage (D:10)
  A centaur zombie (D:9)
  A meliai (D:10)
  Grinder (D:4)
  A wraith (D:10)
  4 yaks (D:9)
  A wyvern (D:9)
  Grum (D:10)
  A hungry ghost (D:7)
  A water moccasin (D:8)
  2 black bears (D:9)
  4 orc warriors
  An ice beast (D:4)
  2 sky beasts
  4 wolves (D:10)
  2 necrophages
  A crocodile (D:10)
  3 ogres
  4 centaurs
  6 big kobolds
  2 bullfrogs (D:10)
  A wyvern zombie (D:8)
  2 scorpions
  11 killer bees
  4 howler monkeys
  4 wights (D:7)
  7 crimson imps
  A quasit (D:10)
  2 bullfrog zombies
  3 hounds
  5 orc priests
  A bullfrog skeleton (D:5)
  Jessica (D:2)
  An iguana (D:4)
  Terence (D:3)
  11 orc wizards
  5 worker ants
  A killer bee zombie (D:5)
  A hound zombie (D:5)
  A hound skeleton (D:5)
  Robin (D:2)
  12 gnolls
  A worker ant zombie (D:7)
  17 adders
  A river rat (Sewer)
  2 shadow imps
  7 oozes
  An adder zombie (D:5)
  11 worms
  3 dart slugs
  3 leopard geckos
  54 orcs
  9 bats
  5 giant cockroaches
  12 goblins
  10 hobgoblins
  9 jackals
  5 quokkas
  4 ball pythons (Sewer)
  A ball python zombie (D:1)
  5 frilled lizards
  A jackal zombie (D:5)
  13 kobolds
  A leopard gecko skeleton (D:6)
  3 leopard gecko zombies
  A quokka skeleton (D:9)
  2 quokka zombies
  9 rats
  A spectral orc (D:3)
314 creatures vanquished.

Vanquished Creatures (others)
  A centaur skeleton (D:10)
  An orc (D:8)
  2 quokkas (D:8)
  11 plants (D:10)
15 creatures vanquished.

Grand Total: 329 creatures vanquished

Notes
Turn   | Place    | Note
-------+----------+-------------------------------------------
     0 | D:1      | Mgcat the Naga Fighter began the quest for the Orb.
     0 | D:1      | Reached XP level 1. HP: 21/21 MP: 1/1
   538 | D:1      | Reached XP level 2. HP: 20/28 MP: 2/2
  1024 | D:2      | HP: 4/28 [adder (4)]
  1025 | D:2      | Reached XP level 3. HP: 5/34 MP: 3/3
  1030 | D:2      | HP: 1/34 [poisoned by an adder]
  1345 | D:2      | Noticed Jessica
  1460 | D:2      | Killed Jessica
  1460 | D:2      | Reached XP level 4. HP: 17/42 MP: 4/4
  1461 | D:2      | Found a shadowy altar of Dithmenos.
  1724 | D:2      | Noticed Robin
  1736 | D:2      | Reached skill level 3 in Shields
  1746 | D:2      | Killed Robin
  1746 | D:2      | Reached skill level 3 in Axes
  1746 | D:2      | Reached skill level 3 in Armour
  2076 | D:2      | Found a white marble altar of Elyvilon.
  2322 | D:3      | Reached XP level 5. HP: 49/50 MP: 5/5
  2440 | D:3      | HP: 8/50 [worm (8)]
  2445 | D:3      | HP: 5/50 [worm (4)]
  2815 | D:3      | Reached skill level 4 in Fighting
  2823 | D:3      | Found a sacrificial altar of Ru.
  2878 | D:3      | Found a hazy altar of Hepliaklqana.
  2882 | D:3      | Found a sparkling altar of Nemelex Xobeh.
  3041 | D:3      | Found an iron altar of Okawaru.
  3097 | D:3      | Noticed Terence
  3115 | D:3      | Killed Terence
  3216 | D:3      | Found a basalt altar of Yredelemnul.
  3263 | D:3      | Reached XP level 6. HP: 55/57 MP: 6/6
  3882 | D:4      | Found a hide-covered altar of Uskayaw.
  3882 | D:4      | Found a stormy altar of Qazlal.
  4063 | D:4      | Noticed an ice beast
  4073 | D:4      | Killed an ice beast
  4073 | D:4      | Reached skill level 4 in Axes
  4073 | D:4      | Reached XP level 7. HP: 45/66 MP: 7/7
  4132 | D:4      | Noticed Grinder
  4154 | D:4      | Killed Grinder
  4154 | D:4      | Reached skill level 5 in Fighting
  4154 | D:4      | Reached skill level 4 in Armour
  4154 | D:4      | Reached skill level 4 in Shields
  4493 | D:4      | Found a radiant altar of Vehumet.
  4753 | D:5      | Entered Level 5 of the Dungeon
  4768 | D:5      | Reached XP level 8. HP: 73/74 MP: 8/8
  4819 | D:5      | Reached skill level 5 in Axes
  4823 | D:5      | Found a shimmering altar of Xom.
  4907 | D:5      | Found a shattered altar of Ashenzari.
  5125 | D:5      | Found a glowing drain.
  5133 | Sewer    | Entered a sewer
  5505 | Sewer    | Reached skill level 5 in Armour
  5505 | Sewer    | Reached skill level 5 in Shields
  5558 | Sewer    | Reached skill level 6 in Axes
  5912 | D:5      | Found a deep blue altar of Sif Muna.
  6243 | D:6      | Found a snail-covered altar of Cheibriados.
  6248 | D:6      | Became a worshipper of Cheibriados the Contemplative
  6272 | D:6      | Reached skill level 1 in Evocations
  6308 | D:6      | Reached skill level 7 in Axes
  6308 | D:6      | Reached XP level 9. HP: 49/81 MP: 8/10
  6388 | D:6      | Reached skill level 2 in Evocations
  6829 | D:7      | Reached skill level 3 in Evocations
  6832 | D:7      | Reached * piety under Cheibriados
  6836 | D:7      | HP: 15/81 [wight/+0 trident (9)]
  7199 | D:7      | Found the ring of Robustness {AC+8}
  7275 | D:7      | Reached skill level 8 in Axes
  7301 | D:7      | Found a staircase to the Ecumenical Temple.
  7333 | D:7      | Reached skill level 4 in Evocations
  7594 | D:7      | Learned a level 4 spell: Summon Lightning Spire
  7687 | D:7      | Reached ** piety under Cheibriados
  7887 | D:8      | Noticed a two-headed ogre
  7899 | D:8      | Reached skill level 5 in Evocations
  7906 | D:8      | Killed a two-headed ogre
  7906 | D:8      | Reached skill level 9 in Axes
  7909 | D:8      | Reached XP level 10. HP: 46/88 MP: 13/13
  8126 | D:8      | Reached skill level 10 in Axes
  8145 | D:8      | Reached *** piety under Cheibriados
  8431 | D:8      | Found an opulent altar of Gozag.
  8832 | D:9      | Reached skill level 11 in Axes
  8996 | D:9      | Reached **** piety under Cheibriados
  9226 | D:9      | Reached skill level 12 in Axes
  9378 | D:9      | Reached skill level 1 in Invocations
  9451 | D:9      | Found a staircase to the Orcish Mines.
  9756 | D:10     | Entered Level 10 of the Dungeon
  9788 | D:10     | Reached skill level 2 in Invocations
  9803 | D:10     | Noticed a deep elf mage
  9826 | D:10     | Killed a deep elf mage
  9826 | D:10     | Reached skill level 3 in Invocations
  9826 | D:10     | Reached XP level 11. HP: 52/93 MP: 14/14
 10048 | D:10     | Noticed Grum
 10060 | D:10     | Reached ***** piety under Cheibriados
 10070 | D:10     | Killed Grum
 10070 | D:10     | Reached skill level 4 in Invocations
 10338 | D:10     | Noticed an orc knight
 10349 | D:10     | Killed an orc knight
 10349 | D:10     | Reached skill level 5 in Invocations
 10366 | D:10     | Noticed a four-headed hydra
 10373 | D:10     | Killed a four-headed hydra
 10383 | D:10     | Reached skill level 13 in Axes
 10426 | D:10     | HP: 17/93 [orc priest/divine providence (12)]
 10427 | D:10     | HP: 5/93 [hellwing[a kobold demonologist] (12)]
 10428 | D:10     | Killed from afar by an orc priest

Vault maps used:
D:1:      saegor_arrival_fortress, ebering_dispersal_statue_hall
D:2:      elyvilon_altar_3, nicolae_overflow_crystal_walls, first_ration,
          uniq_jessica, uniq_robin
D:3:      minmay_diamond_boxcup, okawaru_trees_1, lemuel_crystal_altar,
          nemelex_xobeh_ov_fountains_minmay,
          yredelemnul_forgotten_temple_becter, nicolae_ru_sacrificial_ziggurat,
          uniq_terence
D:4:      lemuel_round_altar, amethyst_overflow_temple_binary, uniq_grinder
D:5:      led_sif_book, xom_teletrap_fun, kennysheep_mini_moat, serial_undead,
          serial_undead_c, serial_undead_a, serial_undead_d, serial_undead_a,
          lightli_sewer_entry_pipes
D:6:      cheibriados_altar_1
D:7:      minmay_temple_entry_junction
D:8:      grunt_gozag_statues
D:9:      hiddenorc1_lemuel
D:10:     lair_entry_dummy, hangedman_stone_soup, minmay_shattered_shrine,
          uniq_maurice, uniq_erolcha, uniq_grum
Sewer:    sewer_co_tree

Skill      XL: |  1  2  3  4  5  6  7  8  9 10 11 |
---------------+----------------------------------+-----
Shields        | 3 4 5 |  5.0
Axes           | 3 4 7 9 12 13 | 13.0
Armour         | 3 4 5 |  5.0
Fighting       | 4 5 |  5.1
Evocations     | 1 5 |  5.0
Invocations    | 3 5 |  5.9

Action                   |  1- 3 |  4- 6 |  7- 9 | 10-12 || total
-------------------------+-------+-------+-------+-------++-------
Melee: War axe           |    81 |   225 |   371 |       ||   677
       Unarmed           |       |       |     8 |       ||     8
       Hand axe          |       |       |   107 |   408 ||   515
 Abil: Spit Poison       |     5 |    16 |     7 |     6 ||    34
Evoke: Wand              |       |       |    15 |     7 ||    22
  Use: Scroll            |       |     7 |     9 |     3 ||    19
       Potion            |       |       |     1 |     4 ||     5
 Stab: Invisible         |       |       |     7 |       ||     7
  Eat: Chunk             |     1 |     8 |    15 |     6 ||    30
Armor: Scale mail        |    60 |   117 |   219 |     1 ||   397
       Chain mail        |       |       |       |   213 ||   213
Dodge: Dodged            |    25 |    54 |    98 |    69 ||   246
Block: Shield            |    65 |   131 |   259 |   231 ||   686

Table legend:
 A = Non-vault XP
 B = Vault XP
 C = Vault XP percentage of total XP
 D = Non-vault monster count
 E = Vault monster count
 F = Vault count percentage of total count
                 A         B        C        D         E       F
            +---------+---------+-------+---------+---------+-------
      Total |    7943 |    4924 |  38.3 |     212 |     102 |  32.5
            +---------+---------+-------+---------+---------+-------
        D:1 |      18 |       2 |  10.0 |       8 |       2 |  20.0
        D:2 |      68 |      72 |  51.4 |      22 |      12 |  35.3
        D:3 |     116 |      81 |  41.1 |      23 |      11 |  32.4
        D:4 |     541 |     272 |  33.5 |      24 |       1 |   4.0
        D:5 |     212 |     185 |  46.6 |      12 |      15 |  55.6
        D:6 |     462 |       0 |   0.0 |      12 |       0 |   0.0
        D:7 |    1086 |       0 |   0.0 |      33 |       0 |   0.0
        D:8 |    1628 |       0 |   0.0 |      34 |       0 |   0.0
        D:9 |    2772 |     251 |   8.3 |      27 |      17 |  38.6
       D:10 |    1040 |    3469 |  76.9 |      17 |      16 |  48.5
      Sewer |       0 |     592 | 100.0 |       0 |      28 | 100.0
            +---------+---------+-------+---------+---------+-------

Vault maps used:
D:1:      saegor_arrival_fortress, ebering_dispersal_statue_hall
D:2:      elyvilon_altar_3, nicolae_overflow_crystal_walls, first_ration,
          uniq_jessica, uniq_robin
D:3:      minmay_diamond_boxcup, okawaru_trees_1, lemuel_crystal_altar,
          nemelex_xobeh_ov_fountains_minmay,
          yredelemnul_forgotten_temple_becter, nicolae_ru_sacrificial_ziggurat,
          uniq_terence
D:4:      lemuel_round_altar, amethyst_overflow_temple_binary, uniq_grinder
D:5:      led_sif_book, xom_teletrap_fun, kennysheep_mini_moat, serial_undead,
          serial_undead_c, serial_undead_a, serial_undead_d, serial_undead_a,
          lightli_sewer_entry_pipes
D:6:      cheibriados_altar_1
D:7:      minmay_temple_entry_junction
D:8:      grunt_gozag_statues
D:9:      hiddenorc1_lemuel
D:10:     lair_entry_dummy, hangedman_stone_soup, minmay_shattered_shrine,
          uniq_maurice, uniq_erolcha, uniq_grum
Sewer:    sewer_co_tree

Table legend:
 A = Turns spent in this place as a percentage of turns spent in the entire game.
 B = Non-inter-level travel turns spent in this place as a percentage of non-inter-level travel turns spent in the entire game.
 C = Inter-level travel turns spent in this place as a percentage of turns spent in this place.
 D = Turns resting spent in this place as a percentage of non-inter-level travel turns spent in this place.
 E = Turns spent auto-exploring this place as a percentage of non-inter-level travel turns spent in this place.
 F = Non-inter-level travel turns spent in this place divided by the number of levels of this place that you've seen.
                   A       B       C       D       E      F
               +-------+-------+-------+-------+-------+----------------------
         Total | 100.0 | 100.0 |   3.4 |  17.6 |  60.2 | 915.5
       Dungeon |  94.2 |  94.0 |   3.6 |  18.7 |  60.2 | 946.7
         Sewer |   5.8 |   6.0 |   0.0 |   0.0 |  59.9 | 604.0
               +-------+-------+-------+-------+-------+----------------------

Table legend:
 A = Kills in this place as a percentage of kills in entire the game.
 B = Kills by you in this place as a percentage of kills by you in the entire game.
 C = Kills by friends in this place as a percentage of kills by friends in the entire game.
 D = Other kills in this place as a percentage of other kills in the entire game.
 E = Experience gained in this place as a percentage of experience gained in the entire game.
 F = Experience gained in this place divided by the number of levels of this place that you have seen.
                   A       B       C       D       E      F
               +-------+-------+-------+-------+-------+----------------------
         Total | 100.0 | 100.0 |   N/A |   N/A | 100.0 | 1169.7
       Dungeon |  91.1 |  91.1 |   N/A |   N/A |  95.4 | 1227.5
         Sewer |   8.9 |   8.9 |   N/A |   N/A |   4.6 | 592.0
               +-------+-------+-------+-------+-------+----------------------
